Cogmind - Beta 15 @@@ ROGUE MODE // 2025.10.03 @ 17:28:00 Player: MAXX-P31 Result: Destroyed by L-61 Swordsman with Power Sword Performance ------------- Evolutions (7) 3500 Regions Visited (15) 3000 Robots Destroyed (343) 1715 Value Destroyed (16193) 16193 Prototype IDs (19) 380 Alien Tech Used (1) 200 Bonus (4592) 4592 TOTAL SCORE: 29580 Bonus ------- High Alert Combat Kills 4001 Follower Combat Kills 315 Met Zhirov 300 Friendly Fire -24 Cogmind --------- Core Integrity 0/1300 Matter 240/300 Energy 27/100 System Corruption 48% Temperature Cool (0) Movement Core (200) Ox3 Location -3/Research Parts ------- > --- POWER (2) -------- (None) > --- PROPULSION (6) --- (None) > --- UTILITY (8) ------ (None) > --- WEAPON (5) ------- Matter Neutralizer > --- INVENTORY (5) ---- Advanced Sensor Array Advanced Remote Datajack Peak State ------------ > --- POWER ------------ Antimatter Reactor Light Quantum Reactor > --- PROPULSION ------- Advanced Heavy Treads Advanced Heavy Treads Centrium Wheel Centrium Wheel > --- UTILITY ---------- Advanced Heat Sink Improved Cooling System Huge Storage Unit Advanced Targeting Computer Advanced Target Analyzer Improved Thermal Shield Advanced Hacking Suite Mini Drone Bay > --- WEAPON ----------- Gamma Rifle Heavy Plasma Cannon Long-range Phase Cannon Bore Cannon Linear Accelerator > --- INVENTORY -------- Light Fission Core Light Antimatter Reactor Light Antimatter Reactor Wheel Improved Antigrav System Advanced Heat Sink Advanced Heat Sink Huge Storage Unit Energy Well Advanced Energy Well Large Matter Pod Advanced Sensor Array Transmission Jammer Improved Hardlight Generator Sensor Drone Bay Heavy Laser Variable Charge Gun Phase Gun Long-range Phase Cannon Long-range Phase Cannon Heavy Rocket Launcher Heavy Rocket Launcher Improved Plasma Cutter Molecular Deconstructor [Rating: 147] Favorites ----------- Power Light Antimatter Reactor Engine Ion Engine Power Core Nuclear Core Reactor Light Antimatter Reactor Propulsion Light Treads Treads Light Treads Leg Medium Armored Exoskeleton Wheel Centrium Wheel Hover Unit Improved Antigrav System Utility Improved Cooling System Device Improved Cooling System Storage Huge Storage Unit Processor Advanced Targeting Computer Hackware Advanced Hacking Suite Protection Improved Light Armor Plating Weapon Long-range Phase Cannon Energy Gun Thermic Laser Energy Cannon Long-range Phase Cannon Ballistic Gun Heavy Assault Rifle Ballistic Cannon Light Cannon Launcher Heavy Rocket Launcher Special Weapon Molecular Deconstructor Build | -11 -10 -10 -10 -9 -8 -7 -6 -5 -5 -4 -4 -4 -4 -3 -3 ------- Run | Yrd Mat Min Exi Min Mat Fac Fac Fac Ext Fac Upp Upp Zhi Pro Res Slots Evolved 14 | . . . . . 4 2 2 2 . 2 . . . . 2 Power 1 | . . . . . . . 1 . . . . . . . . Propulsion 4 | . . . . . 1 . 1 . . 1 . . . . 1 Utility 6 | . . . . . 1 2 . 2 . . . . . . 1 Weapon 3 | . . . . . 2 . . . . 1 . . . . . Parts Attached 236 | 7 6 2 1 . 34 22 4 47 9 19 2 . 4 13 66 Power 32 | 1 . 1 . . 4 2 1 7 3 1 . . 1 2 9 Engine 11 | 1 . 1 . . 4 1 1 3 . . . . . . . Core 7 | . . . . . . 1 . 3 2 . . . . 1 . Reactor 14 | . . . . . . . . 1 1 1 . . 1 1 9 Propulsion 46 | 2 1 1 . . 8 4 1 7 2 3 . . . 3 14 Treads 28 | 2 1 1 . . 8 4 1 4 2 2 . . . 1 2 Leg 10 | . . . . . . . . 3 . 1 . . . 1 5 Wheel 5 | . . . . . . . . . . . . . . 1 4 Hover 3 | . . . . . . . . . . . . . . . 3 Flight . | . . . . . . . . . . . . . . . . Utility 73 | 2 1 . 1 . 7 8 . 16 2 8 1 . 3 5 19 Device 43 | 1 . . . . 3 5 . 9 . 6 1 . 1 5 12 Storage 7 | 1 1 . 1 . . 1 . 1 . . . . 1 . 1 Processor 11 | . . . . . . 1 . 4 . 1 . . . . 5 Hackware 1 | . . . . . . . . . . . . . 1 . . Protection 11 | . . . . . 4 1 . 2 2 1 . . . . 1 Artifact . | . . . . . . . . . . . . . . . . Weapon 85 | 2 4 . . . 15 8 2 17 2 7 1 . . 3 24 Energy Gun 36 | 1 1 . . . 6 7 2 2 1 4 1 . . . 11 Energy Cannon 21 | . . . . . 2 . . 8 1 3 . . . . 7 Ballistic Gun 13 | 1 . . . . 4 . . 3 . . . . . . 5 Ballistic Cannon 9 | . 2 . . . 1 1 . 2 . . . . . 2 1 Launcher 5 | . 1 . . . 2 . . 2 . . . . . . . Special Weapon 1 | . . . . . . . . . . . . . . 1 . Impact Weapon . | . . . . . . . . . . . . . . . . Slashing Weapon . | . . . . . . . . . . . . . . . . Piercing Weapon . | . . . . . . . . . . . . . . . . Special Melee Weapon . | . . . . . . . . . . . . . . . . Unidentified Prototypes 9 | . . . . . 2 . . 1 . 2 . . 3 1 . Corrupted Parts 6 | . . . . . . . . . 1 . . . . 1 4 System Corruption 27 | . . . . . . . . . 5 . . . . 5 17 Parts Lost 111 | . 1 2 . . 11 1 . 13 3 3 . . . 12 65 Power 16 | . . 1 . . 1 . . 1 2 . . . . 2 9 Propulsion 26 | . 1 1 . . 3 . . 3 1 . . . . 4 13 Utility 32 | . . . . . 2 . . 5 . 3 . . . 4 18 Weapon 37 | . . . . . 5 1 . 4 . . . . . 2 25 Highest Loss Streak 12 | . 1 2 . . 9 1 . 2 1 1 . . . 3 12 To Critical Strikes 3 | . . . . . . . . . . . . . . . 3 Average Backups 20 | 1 11 14 15 16 18 23 24 24 23 21 22 22 22 21 19 Power 1 | . 1 . 1 1 1 1 . . 1 1 2 2 1 1 2 Propulsion 2 | . 3 2 3 3 4 4 3 2 1 1 2 2 2 1 1 Utility 10 | . 3 6 6 7 8 13 14 12 12 11 12 12 12 11 9 Weapon 5 | . 3 5 5 5 3 5 7 7 6 6 5 5 5 6 5 Tool/Special . | . . . . . . . . . . . . . . . . Unused Backups 27 | . 2 2 . . 3 3 . 6 . . . . . 2 9 Power . | . . . . . . . . . . . . . . . . Propulsion 6 | . . 1 . . 2 . . 2 . . . . . . 1 Utility 13 | . 2 1 . . 1 1 . 2 . . . . . 1 5 Weapon 6 | . . . . . . 1 . 2 . . . . . 1 2 Tool/Special 2 | . . . . . . 1 . . . . . . . . 1 Average Slot Usage (%) 92 | . 99 99 100 100 97 99 99 89 91 91 94 94 93 87 78 Engine 4 | . 14 14 14 14 8 4 5 5 . . . . . . . Core 1 | . . . . . . 2 6 4 4 3 . . . . . Reactor 4 | . . . . . . . . . 5 6 10 10 10 9 8 Treads 17 | . 27 27 28 28 26 22 26 7 11 16 21 21 21 10 3 Leg 1 | . . . . . . . . 6 3 1 . . . 2 4 Device 15 | . 14 14 14 14 8 15 20 21 11 16 15 15 12 14 15 Storage 7 | . 14 14 14 14 9 7 6 5 5 5 5 5 5 5 5 Processor 7 | . . . . . . 6 6 9 11 10 15 15 15 9 9 Protection 2 | . . . . . 8 6 . 1 11 3 . . . . . Energy Gun 10 | . 8 . . . 11 26 26 10 7 4 10 10 10 7 6 Energy Cannon 6 | . . . . . 3 . . 5 11 16 15 15 15 14 5 Ballistic Gun 2 | . 2 . . . 17 1 . 2 3 2 . . . . 3 Ballistic Cannon 5 | . 15 28 28 25 1 1 . 4 . 2 . . . 2 4 Peak Build Rating 147 | 7 9 9 9 9 40 52 54 94 93 115 114 113 116 120 147 Average Rating 71 | 4 7 8 9 9 28 48 53 78 89 104 112 113 113 110 111 On Entrance 57 | . 7 9 9 9 9 40 49 54 89 92 111 113 113 114 99 Naked Turns 2 | . . . . . . . . . . . . . . . 2 Heaviest Build 168 | 15 32 32 52 52 69 115 115 140 146 168 157 155 155 163 167 Greatest Support 143 | 40 40 40 40 40 66 68 88 90 127 143 116 116 116 121 140 Greatest Overweight (x) 15 | . . . 1 1 1 1 1 2 2 1 1 1 1 15 9 Average Overweight (x) 1 | . . . . 1 . 1 1 1 1 1 1 1 1 6 3 Largest Inventory Capacity 25 | 8 15 15 20 20 20 25 25 25 25 25 25 25 25 25 25 Average Capacity 22 | 6 13 15 16 20 20 24 25 25 25 25 25 25 25 25 24 Most Carried 25 | 3 15 15 16 16 20 25 25 25 25 25 25 25 25 25 25 Average Carried 21 | 1 11 14 15 16 18 23 24 24 24 24 24 25 25 23 19 Final Capacity 25 | 8 15 15 20 20 20 25 25 25 25 25 25 25 25 25 5 Final Carried 25 | 3 15 15 16 16 20 25 25 25 25 25 25 25 25 23 2 Class Distribution -------------------- 29% | Scavenger-Gunner 17% | Mutant 11% | Scavenger-Tank 9% | Pyromaniac-Gunner 9% | Gunner 6% | Scavenger-Skirmisher 6% | Skirmisher 4% | Tank Dominant Class ---------------- Mutant | -10/Materials Mutant | -10/Mines Mutant | -10/Exiles Mutant | -9/Mines Scavenger-Tank | -8/Materials Pyromaniac-Gunner | -7/Factory Pyromaniac-Gunner | -6/Factory Scavenger-Gunner | -5/Factory Commander-Tank | -5/Extension Scavenger-Tank | -4/Factory Scavenger-Gunner | -4/Upper Caves Scavenger-Gunner | -4/Upper Caves Scavenger-Gunner | -4/Zhirov Skirmisher | -3/Proximity Caves Scavenger-Gunner | -3/Research Resources | -11 -10 -10 -10 -9 -8 -7 -6 -5 -5 -4 -4 -4 -4 -3 -3 ----------- Run | Yrd Mat Min Exi Min Mat Fac Fac Fac Ext Fac Upp Upp Zhi Pro Res Matter Collected 7674 | 288 269 198 10 151 1016 416 . 1555 215 657 108 . 60 490 2241 Remotely . | . . . . . . . . . . . . . . . . Salvage Created 16905 | 142 359 88 . 83 2738 1281 . 3716 708 1801 60 . 130 1121 4678 Parts 702 | 7 26 12 . . 125 50 . 117 23 72 4 . 2 47 217 Haulers Intercepted 9 | . 1 . . . 5 1 . 2 . . . . . . . Recyclers Shooed 6 | . . . . . . . . 1 . 4 . . . . 1 Parts Field Recycled . | . . . . . . . . . . . . . . . . Retrieved Matter . | . . . . . . . . . . . . . . . . Parts Self-Destructed 42 | . . . . . . . . . . . 4 . 2 36 . Prevented 8 | . . . . . . . . . . . 3 . . 5 . Kills | -11 -10 -10 -10 -9 -8 -7 -6 -5 -5 -4 -4 -4 -4 -3 -3 ------- Run | Yrd Mat Min Exi Min Mat Fac Fac Fac Ext Fac Upp Upp Zhi Pro Res Combat Hostiles Destroyed 283 | . 13 5 . 5 43 22 . 62 8 26 1 . . 21 77 Guns 88 | . 1 . . . 27 15 . 19 5 3 . . . . 18 Cannons 111 | . 4 5 . 1 10 . . 24 2 16 1 . . 16 32 AOE 47 | . 6 . . 4 6 . . 7 . 5 . . . 4 15 Classes Destroyed 22 | 2 7 . . 1 5 1 . 1 1 . . . . 2 2 Worker 8 | . 2 . . . . . . 2 . 1 . . . . 3 Builder 21 | . 1 . . . 4 . . 4 . 3 . . . . 9 Tunneler 2 | 2 . . . . . . . . . . . . . . . Hauler 9 | . 1 . . . 5 1 . 2 . . . . . . . Recycler 12 | 1 . 1 . 1 3 1 . 1 . 2 . . . . 2 Mechanic 5 | . . . . . 3 1 . . . 1 . . . . . Operator 2 | . 1 . . . . 1 . . . . . . . . . Drone 2 | . . . . . . . . . . . . . . 2 . Watcher 4 | . 1 . . . 1 . . 1 . . . . . . 1 Swarmer 38 | . 6 5 . . . 2 . 5 . 5 . . . 5 10 Saboteur 3 | . . . . . . . . 1 . . . . . . 2 Grunt 134 | . 7 . . . 29 10 . 39 1 6 . . . 10 32 Brawler 7 | . . . . . 3 . . 1 . . . . . 1 2 Duelist 8 | . . . . . 4 . . 1 . . . . . . 3 Protector 1 | . . . . . . . . . . . . . . . 1 Sentry 23 | . . . . . 7 4 . 2 5 3 . . . . 2 Specialist 5 | . . . . . . . . . . . . . . 1 4 Hunter 16 | . . . . . 1 1 . 3 . 4 . . . . 7 Programmer 36 | . . . . . . 5 . 10 . 6 1 . . 1 13 Behemoth 4 | . . . . . . . . . 2 1 . . . 1 . Striker 1 | . . . . . . . . . . . . . . . 1 Assembled 5 | . . . . 5 . . . . . . . . . . . Thug 2 | . . . . . . . . . 1 1 . . . . . Best Kill Streak 12 | 3 4 4 . 5 11 4 . 10 2 7 1 . . 5 12 Combat Bots Only 10 | . 3 3 . 5 6 4 . 8 2 5 1 . . 5 10 Max Kills in Single Turn 7 | 1 4 1 . 2 5 1 . 7 1 5 1 . . 2 4 Gunslinging . | . . . . . . . . . . . . . . . . Exploded 5 | . 3 . . 2 3 . . 5 . 5 . . . 2 3 Melee . | . . . . . . . . . . . . . . . . Uniques/NPCs Destroyed . | . . . . . . . . . . . . . . . . Combat | -11 -10 -10 -10 -9 -8 -7 -6 -5 -5 -4 -4 -4 -4 -3 -3 -------- Run | Yrd Mat Min Exi Min Mat Fac Fac Fac Ext Fac Upp Upp Zhi Pro Res Hostile Shots Fired 1944 | . 55 27 . 17 154 127 . 311 88 150 6 . . 113 896 Missed 589 | . 17 7 . 5 42 48 . 97 28 39 3 . . 38 265 Hits 1355 | . 38 20 . 12 112 79 . 214 60 111 3 . . 75 631 Melee 22 | . . . . . 11 . . . . . . . . 1 10 Projectile 1333 | . 38 20 . 12 101 79 . 214 60 111 3 . . 74 621 Critical Strikes 70 | . . . . 1 8 1 . 11 3 6 1 . . 4 35 Actively Blocked 2 | . . . . . 1 . . . . . . . . . 1 Part Disruptions 1 | . . . . . . . . . . . . . . . 1 Damage Taken 22087 | . 581 166 . 184 2075 912 . 3827 1263 2083 63 . . 1596 9337 Core 2604 | . 79 10 . 23 190 62 . 400 148 232 . . . 142 1318 Absorbed by Shields 1984 | . . . . . . . . 346 6 . . . . 168 1464 Reduced by Siege Mode 400 | . . . . . . . . . . 36 . . . . 364 Redirected to Shielding 76 | . . . . . 18 . . . . . . . . . 58 Ignored by Resistances 335 | . . . . . . . . . . . . . . 153 182 Core Remaining (%) 74 | 100 . . . 55 65 91 100 . 45 . . . . 67 . Volleys Fired 723 | 6 47 12 . 11 94 56 . 136 25 71 32 . 1 74 158 Largest 5 | 2 2 2 . 2 4 4 . 4 4 5 5 . 3 5 5 Hottest 480 | 70 100 60 . 60 170 340 . 340 321 480 441 . 298 469 463 Shots Fired 2406 | 12 85 25 . 13 358 221 . 504 98 238 99 . 3 238 512 Gun 1335 | 12 52 . . . 305 211 . 335 48 60 33 . 1 37 241 Cannon 1014 | . 24 25 . 7 49 10 . 165 50 176 66 . 2 199 241 Launcher 49 | . 9 . . 6 4 . . 4 . 2 . . . 2 22 Special 8 | . . . . . . . . . . . . . . . 8 Kinetic 679 | 6 26 25 . 7 210 19 . 144 13 55 . . . 27 147 Thermal 1474 | 6 50 . . . 132 202 . 291 71 155 98 . 3 200 266 Explosive 49 | . 9 . . 6 4 . . 4 . 2 . . . 2 22 Electromagnetic 196 | . . . . . 12 . . 65 14 26 1 . . 9 69 Robot Hit Streak 37 | 5 17 5 . 1 16 17 . 14 19 37 11 . 3 12 19 Robot Miss Streak 6 | 1 5 3 . 1 4 4 . 6 3 4 1 . . 3 5 Penetration Max 2 | . . . . . . . . 1 . 1 . . . . 2 Secondary Targets 12 | . . . . . 2 2 . 6 . . . . . . 2 Max Gunslinging Chain 1 | . . . . . 1 1 . 1 . . . . . . 1 Shots Hit Robots 1357 | 9 50 13 . 5 220 123 . 311 70 150 3 . 3 94 306 Core Hits 700 | 4 29 6 . 18 123 42 . 141 24 60 2 . 1 42 208 Critical Kills 21 | . . . . . . . . 1 . 2 . . . 4 14 Critical Parts Destroyed 16 | . . . . . . . . . 2 1 . . . 2 11 Critical Strikes 152 | . 6 1 . . 4 27 . 50 3 6 . . . 7 48 Burn 82 | . 5 . . . 2 27 . 35 . 1 . . . 1 11 Meltdown 6 | . . . . . . . . . . 1 . . . 1 4 Destroy 32 | . . . . . . . . 1 2 2 . . . 5 22 Blast 16 | . 1 1 . . 2 . . 8 . 1 . . . . 3 Corrupt 16 | . . . . . . . . 6 1 1 . . . . 8 Melee Attacks . | . . . . . . . . . . . . . . . . Impact . | . . . . . . . . . . . . . . . . Slashing . | . . . . . . . . . . . . . . . . Piercing . | . . . . . . . . . . . . . . . . Sneak Attacks . | . . . . . . . . . . . . . . . . Combat Hostiles . | . . . . . . . . . . . . . . . . Follow-up Attacks . | . . . . . . . . . . . . . . . . Damage Inflicted 42434 | 109 1129 247 . 305 5077 2347 . 9153 1921 5420 75 . 124 3252 13275 Guns 17594 | 109 450 . . . 3243 2238 . 4334 906 1068 35 . 32 658 4521 Cannons 16201 | . 207 232 . 56 763 103 . 2988 1007 3877 40 . 92 2120 4716 Explosions 8496 | . 471 . . 249 1031 . . 1818 . 424 . . . 474 4029 Melee . | . . . . . . . . . . . . . . . . Ramming 143 | . 1 15 . . 40 6 . 13 8 51 . . . . 9 Kinetic 9150 | 60 221 232 . 56 1871 165 . 2286 232 886 . . . 297 2844 Thermal 21264 | 49 507 . . . 2237 2176 . 4099 1339 3484 71 . 124 2243 4935 Explosive 8021 | . 400 . . 249 766 . . 1679 . 424 . . . 474 4029 Electromagnetic 3856 | . . . . . 163 . . 1076 342 575 4 . . 238 1458 Impact . | . . . . . . . . . . . . . . . . Slashing . | . . . . . . . . . . . . . . . . Piercing . | . . . . . . . . . . . . . . . . Highest Corruption 48 | . 2 2 2 2 . 7 . 9 14 5 6 . . 8 48 Average Corruption 5 | . 1 2 2 2 . 3 . 4 10 3 5 . . 1 19 Corruption Purged 11 | . . . . . . 5 . . . . 6 . . . . Corruption Blocked . | . . . . . . . . . . . . . . . . Effects 344 | . 12 15 5 7 . 42 . 51 29 26 27 . . 19 111 Message Errors 83 | . 5 5 4 3 . 9 . 12 6 7 11 . . 4 17 Matter Fused 75 | . 1 4 . 3 . 12 . 11 4 3 8 . . 2 27 Heat Flow Errors 42 | . 3 2 . . . 6 . 9 3 5 4 . . 2 8 Energy Discharges 33 | . 1 . 1 . . 4 . 7 6 2 1 . . 2 9 Parts Rejected 5 | . 1 . . 1 . . . . . 1 . . . . 2 Parts Fused 5 | . . . . . . 1 . . . 1 . . . 1 2 Data Loss (minor) 33 | . . 3 . . . 4 . 5 3 4 1 . . 3 10 Data Loss (major) 12 | . 1 . . . . 3 . 2 1 . . . . 2 3 Misfires 10 | . . 1 . . . 1 . 3 1 . 1 . . . 3 Alerts 10 | . . . . . . 2 . 1 3 . 1 . . 1 2 Weapon Failures 36 | . . . . . . . . 1 2 3 . . . 2 28 Overload Shots . | . . . . . . . . . . . . . . . . Overflow Damage 757 | . 58 . . . 16 22 . 228 . 147 . . . 50 236 Projectiles 355 | . . . . . . 22 . 56 . 97 . . . 50 130 Explosions 402 | . 58 . . . 16 . . 172 . 50 . . . . 106 Melee . | . . . . . . . . . . . . . . . . Knockbacks 46 | . 6 3 . 1 3 1 . 14 . 5 . . . 3 10 Impact 3 | . . . . . . . . . . 2 . . . . 1 Kinetic 40 | . 5 3 . 1 3 1 . 12 . 3 . . . 3 9 Secondary 3 | . 1 . . . . . . 2 . . . . . . . Self-Inflicted Damage 670 | . 153 . . 12 172 . . 93 . . . . . 56 184 Shots 19 | . 6 . . 1 5 . . 1 . . . . . 2 4 Rammed 15 | . 1 2 . . 4 1 . 2 1 3 . . . . 1 Targets Rammed 16 | . 1 2 . . 4 1 . 2 1 4 . . . . 1 Kicked . | . . . . . . . . . . . . . . . . Crushed 1 | . . . . . . . . . . 1 . . . . . Highest Temperature 541 | 54 313 215 . 20 342 353 . 367 322 541 252 . 81 403 360 Average Temperature 106 | 28 120 65 . 13 71 102 . 111 87 176 93 . 44 128 84 Received Heat Transfer 4452 | . 192 . . 60 909 174 . 1205 315 450 . . . 277 870 Effects 25 | . . . . . . . . 6 . 12 . . . 7 . Shutdowns 7 | . . . . . . . . 1 . 4 . . . 2 . Energy Bleed 4 | . . . . . . . . 1 . 2 . . . 1 . Interference 11 | . . . . . . . . 4 . 4 . . . 3 . Matter Decay 2 | . . . . . . . . . . 1 . . . 1 . Short Circuit 1 | . . . . . . . . . . 1 . . . . . Siege Activations 6 | . . . . . . . . . . 3 . . . . 3 Total Turns 184 | . . . . . . . . . . 82 . . . . 102 Longest Duration 82 | . . . . . . . . . . 51 . . . . 82 Martial Activations . | . . . . . . . . . . . . . . . . Shielding Activations . | . . . . . . . . . . . . . . . . Robots Disrupted 1 | . . . . . . . . . . . . . . . 1 Combat Hostiles 1 | . . . . . . . . . . . . . . . 1 Robots Corrupted 3 | . . . . . . . . . . . . . . . 3 Combat Hostiles 3 | . . . . . . . . . . . . . . . 3 Parts Fried 12 | . . . . . . . . 5 . 1 . . . . 6 Impact Corruptions . | . . . . . . . . . . . . . . . . Robots Melted 31 | . 2 . . . . 7 . 13 1 2 . . . 1 5 Combat Hostiles 30 | . 2 . . . . 7 . 12 1 2 . . . 1 5 Parts Melted 153 | . 3 . . . 4 41 . 55 1 14 . . . 10 25 Heat Transferred 43880 | 148 1765 . . . 4222 8086 . 13119 2089 4313 87 . 111 2985 6955 Parts Sabotaged 4 | . . . . . . . . . . . . . . . 4 Parts Stolen . | . . . . . . . . . . . . . . . . Parts Stripped . | . . . . . . . . . . . . . . . . Power Chain Reactions 3 | . . . . . 2 . . 1 . . . . . . . Alert | -11 -10 -10 -10 -9 -8 -7 -6 -5 -5 -4 -4 -4 -4 -3 -3 ------- Run | Yrd Mat Min Exi Min Mat Fac Fac Fac Ext Fac Upp Upp Zhi Pro Res Maximum Alert Level 4 | . 1 . . . 2 1 . 4 2 2 . . . . 4 Low Security (%) 48 | 100 93 100 . 100 22 86 100 21 . 33 . . . . 2 Level 1 14 | . 6 . . . 5 13 . 19 . 43 . . . . 19 Level 2 21 | . . . . . 72 . . 16 100 23 . . . . 17 Level 3 8 | . . . . . . . . 30 . . . . . . 20 Level 4 7 | . . . . . . . . 11 . . . . . . 40 Level 5 . | . . . . . . . . . . . . . . . . High Security . | . . . . . . . . . . . . . . . . Max Security . | . . . . . . . . . . . . . . . . Peak Influence 1405 | 10 218 123 . 5 631 286 103 1292 627 582 . . . . 1405 Initial 627 | . . 78 . . . 282 103 6 627 242 . . . . 492 Average 356 | 1 82 25 . . 410 94 58 595 552 281 . . . . 825 Influence Increases 9628 | 15 658 202 . 9 1445 625 . 2062 433 891 30 . 5 470 2783 Destroy 0b10 Robot/C 5680 | . 260 160 . . 880 440 . 1240 260 520 20 . . 380 1520 Destroy 0b10 Robot/NC 345 | 15 30 10 . 5 80 20 . 50 . 40 . . 5 10 80 Destroy Leader 1104 | . 64 20 . . 202 130 . 236 20 120 10 . . 50 252 Allied During Kill 156 | . . 12 . . 9 . . . 127 8 . . . . . Successful Hack 120 | . 35 . . . 5 31 . 14 14 . . . . . 21 Select Force Hacks 120 | . 60 . . . . . . 60 . . . . . . . Disable Machine 315 | . 105 . . . 60 . . 90 . 30 . . . . 30 Anti-Garrison Action 150 | . . . . . 150 . . . . . . . . . . Destroy Structure 828 | . 89 . . 4 29 4 . 222 12 98 . . . . 370 Advance Influence 450 | . . . . . . . . . . . . . . . 450 Lose Combat Pursuer 360 | . 15 . . . 30 . . 150 . 75 . . . 30 60 Influence Decreases 8243 | 15 456 404 . 9 825 1033 199 793 1219 842 575 . 5 406 1462 Entered New Map 1712 | . . 124 . . . 338 109 7 655 254 203 . . . 22 Time Decay 4741 | 15 446 260 . 9 545 535 90 646 374 518 372 . 5 296 630 Search Patrol Dispatched 150 | . . . . . . . . . . . . . . . 150 Lost Part 1100 | . 10 20 . . 110 10 . 130 30 30 . . . 110 650 Lost Ally 240 | . . . . . 20 . . 10 160 40 . . . . 10 Purge Threat 300 | . . . . . 150 150 . . . . . . . . . Squads Dispatched 62 | . 5 . . . 8 10 . 16 . 6 . . . . 17 Investigation 9 | . 5 . . . 1 . . 2 . 1 . . . . . Extermination 16 | . . . . . . 5 . 4 . 3 . . . . 4 Reinforcement 20 | . . . . . 4 2 . 8 . 1 . . . . 5 Assault 8 | . . . . . 2 . . 2 . . . . . . 4 Garrison 9 | . . . . . 1 3 . . . 1 . . . . 4 Intercept . | . . . . . . . . . . . . . . . . Searches Triggered 1 | . . . . . . . . . . . . . . . 1 Construction Impeded 9 | . . . . . 2 . . 2 . . . . . . 5 Haulers Reinforced 1 | . . . . . . . . 1 . . . . . . . Active Scanning Responses . | . . . . . . . . . . . . . . . . Cargo Convoy Interrupts 1 | . . . . . . . . . . . . . . . 1 Stealth | -11 -10 -10 -10 -9 -8 -7 -6 -5 -5 -4 -4 -4 -4 -3 -3 --------- Run | Yrd Mat Min Exi Min Mat Fac Fac Fac Ext Fac Upp Upp Zhi Pro Res Distress Signals 20 | . . . . . 4 . . 2 2 7 . . . 1 4 Communications Jammed 23 | . . . . . . . . 15 . . . . . . 8 Distress Signals 23 | . . . . . . . . 15 . . . . . . 8 Times Spotted 401 | . 24 8 . 7 65 31 . 80 16 40 1 . . 24 105 Peak Tracking Total 12 | . 5 3 . 5 7 4 . 6 5 6 1 . . 5 12 Tactical Retreats 17 | . 1 . . . 2 . . 8 . 3 . . . 1 2 Traps | -11 -10 -10 -10 -9 -8 -7 -6 -5 -5 -4 -4 -4 -4 -3 -3 ------- Run | Yrd Mat Min Exi Min Mat Fac Fac Fac Ext Fac Upp Upp Zhi Pro Res Traps Triggered 12 | . 4 . . . . 4 . 1 1 1 . . . . 1 Indirectly . | . . . . . . . . . . . . . . . . Trap Hack Attempts . | . . . . . . . . . . . . . . . . Triggered . | . . . . . . . . . . . . . . . . Disarmed . | . . . . . . . . . . . . . . . . Reprogrammed . | . . . . . . . . . . . . . . . . Reused . | . . . . . . . . . . . . . . . . Traps Extracted . | . . . . . . . . . . . . . . . . Installed . | . . . . . . . . . . . . . . . . Triggered . | . . . . . . . . . . . . . . . . Machines | -11 -10 -10 -10 -9 -8 -7 -6 -5 -5 -4 -4 -4 -4 -3 -3 ---------- Run | Yrd Mat Min Exi Min Mat Fac Fac Fac Ext Fac Upp Upp Zhi Pro Res Machines Disabled 23 | . 7 . . . 5 . . 6 . 2 . . . 1 2 Max in Single Turn 4 | . 4 . . . 1 . . 2 . 1 . . . 1 1 Garrison Access 1 | . . . . . 1 . . . . . . . . . . Machines Repaired . | . . . . . . . . . . . . . . . . Machines Dismantled . | . . . . . . . . . . . . . . . . Machines Sabotaged . | . . . . . . . . . . . . . . . . Overloaded Fab Kills . | . . . . . . . . . . . . . . . . Hacking | -11 -10 -10 -10 -9 -8 -7 -6 -5 -5 -4 -4 -4 -4 -3 -3 --------- Run | Yrd Mat Min Exi Min Mat Fac Fac Fac Ext Fac Upp Upp Zhi Pro Res Machines Accessed 41 | . 9 1 . . 5 8 . 5 3 2 1 . 5 . 2 Terminals 23 | . 7 . . . 5 3 . 2 3 2 . . . . 1 Fabricators 4 | . . . . . . 2 . 1 . . . . . . 1 Repair Stations 1 | . . . . . . 1 . . . . . . . . . Recycling Units 5 | . 2 . . . . 1 . 2 . . . . . . . Scanalyzers . | . . . . . . . . . . . . . . . . Garrison Access 1 | . . . . . . 1 . . . . . . . . . Total Hacks 93 | . 25 1 . . 13 12 . 8 6 6 1 . 18 . 3 Successful 51 | . 13 1 . . 3 4 . 5 2 3 1 . 18 . 1 Failed 42 | . 12 . . . 10 8 . 3 4 3 . . . . 2 Catastrophic 12 | . 3 . . . 3 3 . . 1 . . . . . 2 Database Lockouts . | . . . . . . . . . . . . . . . . Manual 32 | . 14 . . . 4 4 . 6 2 1 . . . 1 . Terminals 57 | . 22 . . . 13 5 . 3 6 6 . . . . 2 Fabricators 6 | . . . . . . 3 . 2 . . . . . . 1 Repair Stations 2 | . . . . . . 2 . . . . . . . . . Recycling Units 7 | . 3 . . . . 1 . 3 . . . . . . . Scanalyzers . | . . . . . . . . . . . . . . . . Garrison Access 1 | . . . . . . 1 . . . . . . . . . Terminal Hacks 37 | . 4 1 . . 3 2 . 2 2 3 1 . 18 . 1 Record 7 | . 1 . . . . . . . . . . . 6 . . Part Schematic 4 | . . . . . . . . . . . . . 4 . . Robot Analysis 4 | . . . . . . . . . . . . . 4 . . Prototype ID Bank 4 | . . . . . . . . . . . . . 4 . . Open Door 5 | . . 1 . . . . . 1 2 . 1 . . . . Branch Access Points 1 | . . . . . . . . . . . . . . . 1 Alert Level 3 | . . . . . 1 . . 1 . 1 . . . . . Unreport Threat 2 | . . . . . 1 1 . . . . . . . . . Locate Traps 2 | . 2 . . . . . . . . . . . . . . Hauler Manifests 5 | . 1 . . . 1 1 . . . 2 . . . . . Fabricator Hacks . | . . . . . . . . . . . . . . . . Repair Station Hacks 1 | . . . . . . 1 . . . . . . . . . Scan Component 1 | . . . . . . 1 . . . . . . . . . Recycling Unit Hacks . | . . . . . . . . . . . . . . . . Scanalyzer . | . . . . . . . . . . . . . . . . Garrison Access Hacks . | . . . . . . . . . . . . . . . . Unauthorized Hacks 13 | . 9 . . . . 1 . 3 . . . . . . . Terminals 7 | . 7 . . . . . . . . . . . . . . Botnet 3 | . 3 . . . . . . . . . . . . . . Skim 4 | . 4 . . . . . . . . . . . . . . Fabricators 2 | . . . . . . 1 . 1 . . . . . . . Haulers 2 | . . . . . . 1 . 1 . . . . . . . Repair Stations . | . . . . . . . . . . . . . . . . Recycling Units 4 | . 2 . . . . . . 2 . . . . . . . Tunnel 4 | . 2 . . . . . . 2 . . . . . . . Scanalyzers . | . . . . . . . . . . . . . . . . Garrison Access . | . . . . . . . . . . . . . . . . Data Cores Recovered 2 | . 1 . . . . 1 . . . . . . . . . Used . | . . . . . . . . . . . . . . . . Hacking Detections 26 | . 6 . . . 5 7 . 2 2 2 . . . . 2 Full Trace Events 2 | . 1 . . . 1 . . . . . . . . . . Feedback Events 1 | . 1 . . . . . . . . . . . . . . Corruption 1 | . 1 . . . . . . . . . . . . . . Feedback Blocked . | . . . . . . . . . . . . . . . . Robot Schematics Acquired . | . . . . . . . . . . . . . . . . Robots Built . | . . . . . . . . . . . . . . . . Authchips . | . . . . . . . . . . . . . . . . Time . | . . . . . . . . . . . . . . . . Total Robot Build Rating . | . . . . . . . . . . . . . . . . Part Schematics Acquired 4 | . . . . . . . . . . . . . 4 . . Parts Built . | . . . . . . . . . . . . . . . . Authchips . | . . . . . . . . . . . . . . . . Time . | . . . . . . . . . . . . . . . . Total Part Build Rating . | . . . . . . . . . . . . . . . . Parts Repaired . | . . . . . . . . . . . . . . . . Time . | . . . . . . . . . . . . . . . . Parts Recycled . | . . . . . . . . . . . . . . . . Recycled Matter . | . . . . . . . . . . . . . . . . Retrieved Matter . | . . . . . . . . . . . . . . . . Retrieved Components . | . . . . . . . . . . . . . . . . Parts Scanalyzed . | . . . . . . . . . . . . . . . . Part Schematics Acquired . | . . . . . . . . . . . . . . . . Parts Damaged . | . . . . . . . . . . . . . . . . Bothacking | -11 -10 -10 -10 -9 -8 -7 -6 -5 -5 -4 -4 -4 -4 -3 -3 ------------ Run | Yrd Mat Min Exi Min Mat Fac Fac Fac Ext Fac Upp Upp Zhi Pro Res Used RIF Installer . | . . . . . . . . . . . . . . . . Robots Hacked . | . . . . . . . . . . . . . . . . Non-combat . | . . . . . . . . . . . . . . . . Combat . | . . . . . . . . . . . . . . . . Robot Hacks Applied . | . . . . . . . . . . . . . . . . Relay Couplers Released . | . . . . . . . . . . . . . . . . Fabnet Peak Effective % . | . . . . . . . . . . . . . . . . Robots Rewired 10 | . . . . . . . . . 10 . . . . . . Allies Hacked . | . . . . . . . . . . . . . . . . Hacks Repelled . | . . . . . . . . . . . . . . . . Allies | -11 -10 -10 -10 -9 -8 -7 -6 -5 -5 -4 -4 -4 -4 -3 -3 -------- Run | Yrd Mat Min Exi Min Mat Fac Fac Fac Ext Fac Upp Upp Zhi Pro Res Total Allies 17 | . . 2 . 3 . . . . 12 . . . . . . Largest Group 11 | . . 2 2 3 3 . . . 11 3 . . . . . Highest-Rated Group 314 | . . 43 43 40 40 . . . 314 81 . . . . . Highest-Rated Ally 39 | . . 31 31 16 16 . . . 39 31 . . . . . Total Orders 17 | . . . . . . . . 9 . 4 . . . . 4 EXPLORE 12 | . . . . . . . . 7 . 3 . . . . 2 RETURN 5 | . . . . . . . . 2 . 1 . . . . 2 Ally Attacks 100 | . . 7 . 12 18 . . . 51 12 . . . . . Total Damage 1765 | . . 106 . 68 254 . . . 1117 220 . . . . . Kills 13 | . . 4 . 2 1 . . . 5 1 . . . . . Allies Corrupted 1 | . . . . . . . . . . 1 . . . . . Allies Melted . | . . . . . . . . . . . . . . . . Intel | -11 -10 -10 -10 -9 -8 -7 -6 -5 -5 -4 -4 -4 -4 -3 -3 ------- Run | Yrd Mat Min Exi Min Mat Fac Fac Fac Ext Fac Upp Upp Zhi Pro Res Active Infowar (turns) 10967 | 28 1666 1165 402 340 54 . . 1490 . 601 1905 477 380 2258 201 Sensors 5924 | . . . . . . . . 878 . 24 1905 477 380 2256 4 Structural 481 | . . . . . . . . . . 481 . . . . . Seismic 3655 | 28 1666 1165 402 340 54 . . . . . . . . . . Jamming 1184 | . . . . . . . . 986 . . . . . . 198 ECM 98 | . . . . . . . . . . 96 . . . 2 . Robot Analysis Total 4 | . . . . . . . . . . . . . 4 . . Derelict Logs Recovered 1 | . . 1 . . . . . . . . . . . . . Drone Launches 15 | . . . . . . . . 8 . 3 . . . . 4 Drone Recoveries 11 | . . . . . . . . 7 . 1 . . . . 3 Exploration | -11 -10 -10 -10 -9 -8 -7 -6 -5 -5 -4 -4 -4 -4 -3 -3 ------------- Run | Yrd Mat Min Exi Min Mat Fac Fac Fac Ext Fac Upp Upp Zhi Pro Res Turns Passed 21057 | 122 1666 1165 402 340 1695 2979 196 2755 870 1431 1905 477 380 2492 2182 Spaces Moved 7202 | 59 696 664 228 127 651 1132 80 733 244 398 691 198 153 517 631 Core 8 | 3 . . . . . . . . . . . . . . 5 Treads 5940 | 56 696 664 228 127 651 1132 80 226 188 398 691 198 153 262 190 Legs 764 | . . . . . . . . 507 56 . . . . 70 131 Wheels 490 | . . . . . . . . . . . . . . 185 305 Hover . | . . . . . . . . . . . . . . . . Flight . | . . . . . . . . . . . . . . . . Fastest Speed 50 | 50 160 160 160 240 145 225 240 220 243 240 240 240 240 240 50 Average Speed 221 | 154 160 160 176 240 175 234 240 265 258 242 240 240 240 288 225 Slowest Speed 470 | 160 160 160 240 240 240 240 240 360 310 243 240 240 240 470 470 Overloaded Moves . | . . . . . . . . . . . . . . . . Propulsion Burnouts . | . . . . . . . . . . . . . . . . Robots Hopped . | . . . . . . . . . . . . . . . . Potential Cave-ins 18 | . . . . . . . . . . 6 2 . . 7 3 Cave-ins Triggered 1 | . . . . . . . . . . . . . . 1 . Exploration Rate (%) 46 | 4 96 98 60 37 70 26 3 41 41 20 63 34 61 57 27 Regions Visited 15 Branch Regions 8 Pre-discovered Areas 8 | . 2 . . 1 . . . 2 . . . . 3 . . Known Exits Taken 5 | . . . 1 . . . . . . 1 1 1 1 . . Unknown Exits Taken 10 | 1 1 1 . 1 1 1 1 1 1 . . . . 1 . Scrap Searched 9 | . . 1 . 1 . . . . . . 3 . . 4 . Spaces Dug 107 | . 13 . . . . 1 . 5 . 5 26 . . 40 17 Terrain Destroyed 799 | . 108 . . 4 20 2 . 100 4 66 80 . . 163 252 Melee . | . . . . . . . . . . . . . . . . Projectile 392 | . . . . . 4 2 . 33 4 53 80 . . 128 88 AOE 406 | . 108 . . 4 16 . . 66 . 13 . . . 35 164 Terrain Rammed . | . . . . . . . . . . . . . . . . Walls Destroyed . | . . . . . . . . . . . . . . . . Machines Disabled . | . . . . . . . . . . . . . . . . Actions | -11 -10 -10 -10 -9 -8 -7 -6 -5 -5 -4 -4 -4 -4 -3 -3 --------- Run | Yrd Mat Min Exi Min Mat Fac Fac Fac Ext Fac Upp Upp Zhi Pro Res Total 10687 | 75 1163 743 230 149 980 1323 84 1217 423 713 869 201 164 1353 1000 Wait 2010 | 1 383 58 . 9 142 75 . 218 27 184 138 4 . 712 59 Move 7186 | 58 695 663 227 126 650 1131 79 732 243 397 690 197 152 515 631 Hop . | . . . . . . . . . . . . . . . . Pick Up 124 | 3 16 4 1 . 24 13 . 17 3 7 2 . . 12 22 Fast Attach 135 | 7 3 . . 1 10 14 1 23 1 15 2 . 5 6 47 Attach 93 | . 1 2 . . 18 2 2 15 4 6 1 . . 12 30 Detach 32 | . 2 . . . 4 . 1 11 . . 1 . 1 4 8 Swap 115 | . 9 . 1 2 11 9 1 29 6 10 . . 1 11 25 Drop 143 | . 6 2 1 . 23 22 . 34 4 19 3 . 4 6 19 Fire 723 | 6 47 12 . 11 94 56 . 136 25 71 32 . 1 74 158 Melee . | . . . . . . . . . . . . . . . . Ram . | . . . . . . . . . . . . . . . . Kick . | . . . . . . . . . . . . . . . . Crush 16 | . 1 2 . . 4 1 . 2 1 4 . . . . 1 Escape Stasis 3 | . . . . . . . . . 2 . . . . 1 . Rewire 107 | . . . . . . . . . 107 . . . . . . Trap . | . . . . . . . . . . . . . . . . Miscellaneous . | . . . . . . . . . . . . . . . . Route ------- -11/Scrapyard -10/Materials (discovered 4 exits: [*Mat x3] / *Min) -10/Mines (discovered 4 exits: [*Mat x2] / [*Exi] / [*Sub]) -10/Exiles (discovered 2 exits: *Min x2) -9/Mines -8/Materials (discovered 2 exits: *Fac x2) -7/Factory (discovered 2 exits: [*Fac x2]) -6/Factory -5/Factory (discovered 3 exits: *Fac / [*Upp] / *Ext) -5/Extension -4/Factory -4/Upper Caves -4/Upper Caves -4/Zhirov -3/Proximity Caves -3/Research (discovered 3 exits: Arm / Tes x2) History --------- Turn | Location | Event 8 | -11/Scrapyard | Discovered new exit (range 14) 123 | -11/Scrapyard | Entered Materials 286 | -10/Materials | Discovered new exit (range 7) 309 | -10/Materials | Build established: Mutant 422 | -10/Materials | Discovered new exit (range 11) 528 | -10/Materials | Discovered new exit (range 16) 1311 | -10/Materials | Discovered new exit (range 12) 1789 | -10/Materials | Entered Mines 1872 | -10/Mines | Discovered new exit (range 12) 1925 | -10/Mines | Found the Drone Emporium 1967 | -10/Mines | Found Prototype Device 2308 | -10/Mines | Discovered new exit (range 15) 2368 | -10/Mines | Joined a pair of Derelicts in attacking an 0b10 outpost 2523 | -10/Mines | Discovered new exit (range 15) 2927 | -10/Mines | Deemed a non-threat by the Exiles lab entrance 2929 | -10/Mines | Discovered new exit (range 5) 2954 | -10/Mines | Entered Exiles 2954 | -10/Exiles | Accompanied by 2 allies 2955 | -10/Exiles | Identified exit to Mines 2984 | -10/Exiles | Led the pair of lost Derelicts to a safe place 2994 | -10/Exiles | Met 8R-AWN 3020 | -10/Exiles | Met EX-HEX 3065 | -10/Exiles | Met EX-BIN 3188 | -10/Exiles | Met EX-DEC 3356 | -10/Exiles | Entered Mines 3415 | -9/Mines | Assembled infested the area 3487 | -9/Mines | Assisted by bots powering up and referring to "LRC-V3" 3671 | -9/Mines | Discovered new exit (range 7) 3672 | -9/Mines | Learned location of Storage (-7) 3696 | -9/Mines | Entered Materials 3696 | -8/Materials | Accompanied by 3 allies 3696 | -8/Materials | Evolved 4 slots: Propulsion x1, Utility x1, Weapon x2 3789 | -8/Materials | Lost 3 allies 4026 | -8/Materials | Garrison activated, responded to threat 4100 | -8/Materials | Build established: Scavenger-Tank 4188 | -8/Materials | Lost 9 parts (1p3n1u4w) 4626 | -8/Materials | Build established: Tank 4665 | -8/Materials | Discovered new exit (range 16) 5211 | -8/Materials | Build established: Scavenger-Tank 5326 | -8/Materials | Discovered new exit (range 16) 5391 | -8/Materials | Entered Factory 5391 | -7/Factory | Evolved 2 slots: Utility x2 6321 | -7/Factory | Build established: Gunner 6785 | -7/Factory | Build established: Pyromaniac-Gunner 7275 | -7/Factory | Discovered new exit (range 11) 7734 | -7/Factory | Garrison activated, responded to threat 8131 | -7/Factory | Discovered new exit (range 15) 8370 | -7/Factory | Entered another Factory area 8370 | -6/Factory | Evolved 2 slots: Power x1, Propulsion x1 8556 | -6/Factory | Discovered new exit (range 4) 8566 | -6/Factory | Entered another Factory area 8566 | -5/Factory | Evolved 2 slots: Utility x2 9449 | -5/Factory | Discovered new exit (range 36) 9686 | -5/Factory | Build established: Gunner 10038 | -5/Factory | Discovered new exit (range 69) 10065 | -5/Factory | Build established: Scavenger-Gunner 10190 | -5/Factory | Destroyed 8 combat bots 10528 | -5/Factory | Build established: Scavenger-Skirmisher 10966 | -5/Factory | First assault squad dispatched 11300 | -5/Factory | Discovered new exit (range 9) 11321 | -5/Factory | Entered Extension 11547 | -5/Extension | Build established: Scavenger-Gunner 11972 | -5/Extension | System corruption reached 10% 12004 | -5/Extension | Rescued a captive Derelict 12006 | -5/Extension | Rescued a captive Derelict 12030 | -5/Extension | Build established: Commander-Tank 12034 | -5/Extension | Spotted B-75 Beast 12098 | -5/Extension | Spotted B-75 Beast 12104 | -5/Extension | Destroyed B-75 Beast 12114 | -5/Extension | Core integrity fell below 50% 12114 | -5/Extension | Destroyed B-75 Beast 12141 | -5/Extension | Lost 8 allies 12178 | -5/Extension | Discovered new exit (range 3) 12191 | -5/Extension | Entered Factory 12191 | -4/Factory | Accompanied by 3 allies 12191 | -4/Factory | Evolved 2 slots: Propulsion x1, Weapon x1 12335 | -4/Factory | Spotted B-86 Titan 12344 | -4/Factory | Destroyed B-86 Titan 12362 | -4/Factory | Found Hvy. Reflective Plating 12380 | -4/Factory | Build established: Scavenger-Tank 12627 | -4/Factory | P-70 Sage assimilated allied BD-D36(g) 13351 | -4/Factory | Build established: Scavenger-Gunner 13407 | -4/Factory | Discovered new exit (range 45) 13593 | -4/Factory | Found Prototype Processor 13593 | -4/Factory | Identified Exp. Signal Interpreter 13594 | -4/Factory | Identified exit to Upper Caves 13606 | -4/Factory | Garrison activated, responded to threat 13622 | -4/Factory | Entered Upper Caves 15517 | -4/Upper Caves | Discovered new exit (range 3) 15519 | -4/Upper Caves | Identified exit to Upper Caves 15527 | -4/Upper Caves | Entered another Upper Caves area 15813 | -4/Upper Caves | Discovered new exit (range 3) 15820 | -4/Upper Caves | Identified exit to Zhirov 16004 | -4/Upper Caves | Entered Zhirov 16004 | -4/Zhirov | Discovered new exit (range 3) 16048 | -4/Zhirov | Met Zhirov 16115 | -4/Zhirov | Learned location of Testing (-3) 16115 | -4/Zhirov | Learned location of Command (-1) 16139 | -4/Zhirov | Zhirov requested help retrieving the SGEMP Prototype 16187 | -4/Zhirov | Found Alien Artifact 16187 | -4/Zhirov | Identified Integrated Dissipator 16187 | -4/Zhirov | Installed Integrated Dissipator, increased core heat dissipation (+20) 16382 | -4/Zhirov | Identified exit to Proximity Caves 16384 | -4/Zhirov | Entered Proximity Caves 16583 | -3/Proximity Caves | Acquired the password to a Derelict Tinkerer's latest research 16600 | -3/Proximity Caves | Found Prototype Special Weapon 16600 | -3/Proximity Caves | Identified Molecular Deconstructor 16743 | -3/Proximity Caves | Build established: Skirmisher 16789 | -3/Proximity Caves | Spotter reported a threat 16848 | -3/Proximity Caves | Spotter reported a threat 16935 | -3/Proximity Caves | Spotter reported a threat 17003 | -3/Proximity Caves | Caught by Unaware searching for contraband prototypes 17496 | -3/Proximity Caves | Spotted B-86 Titan 17515 | -3/Proximity Caves | Destroyed B-86 Titan 17545 | -3/Proximity Caves | Lost 3 parts (1n2u) 17846 | -3/Proximity Caves | Build established: Scavenger-Skirmisher 18557 | -3/Proximity Caves | Crushed by falling debris 18801 | -3/Proximity Caves | Discovered new exit (range 13) 18840 | -3/Proximity Caves | Build established: Gunner 18876 | -3/Proximity Caves | Entered Research 18876 | -3/Research | Evolved 2 slots: Propulsion x1, Utility x1 18955 | -3/Research | Identified exit to Armory 18955 | -3/Research | Identified exit to Testing 19126 | -3/Research | Search patrols dispatched 19166 | -3/Research | Build established: Scavenger-Gunner 19624 | -3/Research | Destroyed 8 combat bots 19638 | -3/Research | Cargo convoy interrupted 19641 | -3/Research | Spotted Striker 19661 | -3/Research | Destroyed Striker 19674 | -3/Research | System corruption reached 10% 19706 | -3/Research | Build established: Scavenger-Tank 19714 | -3/Research | Lost 4 parts (2p2w) 19746 | -3/Research | Destroyed 10 combat bots 19876 | -3/Research | First assault squad dispatched 20023 | -3/Research | Garrison activated, responded to threat 20126 | -3/Research | Destroyed 10 combat bots 20204 | -3/Research | Lost 11 parts (1p3n2u5w) 20204 | -3/Research | System corruption reached 30% 20243 | -3/Research | Lost 3 parts (3w) 20359 | -3/Research | Lost 12 parts (2p3n3u4w) 20644 | -3/Research | Build established: Scavenger-Gunner 20761 | -3/Research | Core integrity fell below 50% 20812 | -3/Research | Lost 4 parts (1n1u2w) 20822 | -3/Research | Garrison activated, responded to threat 20859 | -3/Research | Lost 3 parts (2n1w) 20955 | -3/Research | Released all parts (8) 20975 | -3/Research | Lost 12 parts (2p3n4u3w) 21047 | -3/Research | Core integrity fell below 20% 21049 | -3/Research | Released all parts (1) 21058 | -3/Research | Destroyed by L-61 Swordsman with Power Sword Last Messages --------------- 21046_ G-67 Veteran destroyed. 21046_ Matter Neutralizer destroyed. 21046_ Destroyed Matter Neutralizer. 21046_ Hvy. Rocket Launcher destroyed. 21046_ Destroyed Hvy. Rocket Launcher. 21046_ G-73 Enforcer destroyed. 21046_ G-67 Veteran destroyed. 21046_ U-05 Engineer lays Concrete. 21048_ Knocked back. 21048_ U-05 Engineer lays Concrete. 21049_ Released Huge Storage Unit. 21049_ U-05 Engineer lays Concrete. 21052_ Antimatter Reactor destroyed. 21053_ U-05 Engineer lays Concrete. 21055_ Imp. Phase Shifter destroyed. 21055_ System corrupted by crushing effect (+3). 21055_ Knocked back. 21055_ U-05 Engineer lays Concrete. 21057_ System corrupted: Matter fused (-8). 21057_ U-05 Engineer lays Concrete. Map ----- +----------------------------------------------------+ | | | | | | | | | | | | | ????????????????????????????????????????????????? | | ????????????????????????????????????????????????? | | ????????????????????????????????????????????????? | | ????????????????????????????????????????????????? | | ????????????????????????????????????????????????? | | ????????????????????????????????????????????????? | | ????????????????????????#####???????????????????? | | ??????###?#######??????# #???????????????????? | | ??????# #??##### #???????????????????? | | ??????# ####T ## #???????????????????? | | ??????# ]# ^ #???????????????????? | | ??????# " " # ^ #???????????????????? | | ??????# "T" # ^ #???????????????????? | | ???#??? """ ###?????????????????? | | ?? #????? ! ###;##????????????????? | | ???????? [%= /[ #????????????????? | | #############+## % = !! #????????????????? | | ^ %% g=== #????????????????? | | % !!lb #????????????????? | | u*%]=@ #????????????????? | | * !| ! #????????????????? | | ########## ]# ]! #????????????????? | | ?????????# ]!# ! = #????????????????? | | ?????????# !!###########????????????????? | | ?????????# #############??????????????? | | ??? ???# # #??????????????? | | ??? ???# """ # #??????????????? | | ??? ???# """ # """"" #??????????????? | | ""? ???# """ # """F"" *#??????????????? | | ""? ???# """ # """ "" #??????????????? | | ""? ???# """ "# #??????????????? | | ? ???# "%+ #??????????????? | | ? #??# "###+###+#####??????????????? | | ? #??# # #?????????????????? | | #+#?#+#??# """ # #?????????????????? | | # ### #### """ # """#?????????????????? | | #!# # # # """ # """#?????????????????? | | # ### # # """ # """#?????????????????? | | *# # # ## """ + """#?????????????????? | | ### #### # """#?????????????????? | | % # #?????????????????? | | % ! + #?????????????????? | | % #######+############?????????????????? | | ##### #???? ???????????????????????????? | +----------------------------------------------------+ Best States ------------- Heat Dissipation 161 Energy Generation 41 Energy Capacity 900 Matter Stores 300 Matter Capacity 300 Sight Range 16 Robot Scan Range 16 Terrain Scan Density 10 ECM Strength 1 Jamming Range 12 Base Temperature (-) 100 Armor Coverage 450 Resistance: KI 30 Resistance: TH 25 Core Shielding 30 Phase Shifting 10 Evasion (%) 50 Targeting Accuracy 14 Target Analysis 12 Recoil Reduction 5 Offensive Hacking 14 Item Schematics ----------------- Assault Drone Bay | -4/Zhirov | Free Exp. Heat Sink | -4/Zhirov | Free Exp. Optical Array | -4/Zhirov | Free Imp. Arc Thrower | -4/Zhirov | Free Robot Schematics ------------------ None Fabricated ------------ Nothing Repaired ---------- Nothing Alien Tech Used ----------------- Integrated Dissipator Achievements -------------- None Challenges ------------ None Game ------ Seed SpikedThrowingDiverter Manual? 0 Play Time 02:28:07 Cumulative 232.4 hours Start 2025.10.03 @ 14:56:52 End 2025.10.03 @ 17:28:00 Sessions 1 Manual Loads 0 Difficulty Rogue Special Mode None Game No. 121 Rogue 121 Adventurer 0 Explorer 0 Win Type - Total 3 Types 3/0/0/0/0/0/0/0/0/0 Lore% 51 Gallery% 62 Achievement% 56 Wizard Run 0 Options --------- Layout 1 ASCII 0 Keyboard 0 Movement Numpad Keybinds 0 Fullscreen 1 Font 24/Smallcaps Map View 50x35 Zoom Use 0% Tactical HUD 1 Map Filters NONE Filters NONE Steam 1 RUN: 2c27e3ac-3df2-413b-b996-582825accf85